 Dungeon Crawl Stone Soup version 0.20.0-15-g7f486f2 (webtiles) character file.

96960 polve the Peltast (level 16, -12/86 HPs)
             Began as a Vine Stalker Fighter on June 29, 2017.
             Was a High Priest of Uskayaw.
             Killed from afar by an ice dragon (40 damage)
             ... with a blast of cold
             ... on level 15 of the Dungeon.
             The game lasted 00:42:11 (22062 turns).

polve the Peltast (Vine Stalker Fighter)           Turns: 22062, Time: 00:42:12

Health: -12/86     AC: 19    Str: 27    XL:     16   Next: 18%
Magic:  0/21       EV: 13    Int:  6    God:    Uskayaw [*****.]
Gold:   1681       SH: 23    Dex: 23    Spells: 15/15 levels left

rFire    + . .     SeeInvis +   a - +1 scimitar (flame)
rCold    . . .     Gourm    .   c - +0 shield
rNeg     . . .     Faith    .   F - +3 chain mail {rF+}
rPois    +         Spirit   +   p - +1 hat
rElec    .         Reflect  +   e - +2 cloak
rCorr    .         Harm     .   B - +0 pair of gloves
MR       ++...     Rnd*Rage +   (no boots)
Stlth    ++........             U - brooch of Shielding {Reflect SH+8}
Regen    1.1/turn               d - ring of see invisible
MPRegen  0.2/turn               o - ring of poison resistance

@: mighty, agile, lethally poisoned (-12 -> -12), berserk cooldown, slowed, very
slow
A: fangs 3, berserk 1, blurry vision 1, dopey 1, sense surroundings 1,
regeneration 2, magic shield, antimagic bite, no potion heal 3, rot immunity,
subdued magic 1
a: Stomp, Line Pass, Grand Finale, Renounce Religion


You were on level 15 of the Dungeon.
You worshipped Uskayaw.
Uskayaw was noncommittal.
You were hungry.

You visited 3 branches of the dungeon, and saw 22 of its levels.
You also visited: Labyrinth and Volcano.

You collected 1681 gold pieces.

Inventory:

Hand Weapons
 a - a +1 scimitar of flaming (weapon)
 b - a +3 dagger of venom
 O - a +1 rapier of holy wrath
Armour
 c - a +0 shield (worn)
 e - a +2 cloak (worn)
 p - a +1 hat (worn)
 B - a +0 pair of gloves (worn)
 F - a +3 chain mail of fire resistance (worn)
Jewellery
 d - a ring of see invisible (left hand)
 o - a ring of poison resistance (right hand)
 M - the ring "Hecuag" {rCorr rN+}
   (You found it on level 6 of the Dungeon)

   [ring of resist corrosion]

   It protects you from negative energy.
 U - the brooch of Shielding (around neck) {Reflect SH+8}
   (You found it in a labyrinth)

   [amulet of reflection]

   It shields you and reflects attacks.
   It affects your SH (+8).
Wands
 s - a wand of confusion (28/48)
 x - a wand of disintegration (20/24)
 E - a wand of acid (13/15)
 G - a wand of acid (12/15)
 H - a wand of scattershot (8/9)
 J - a wand of disintegration (14/24)
 T - a wand of disintegration (10/24)
Scrolls
 g - 11 scrolls of teleportation
 i - 4 scrolls of fog
 j - 4 scrolls of enchant weapon
 m - 6 scrolls of enchant armour
 n - 3 scrolls of magic mapping
 q - 6 scrolls of amnesia
 u - a scroll of identify
 v - 2 scrolls of blinking
 w - 4 scrolls of recharging
 y - 7 scrolls of remove curse
 N - a scroll of summoning
 P - a scroll of fear
Potions
 k - 13 potions of curing
 r - a potion of berserk rage
 t - a potion of invisibility
 z - 4 potions of agility
 A - 4 potions of haste
 C - 4 potions of lignification
 K - 2 potions of flight
 V - a potion of brilliance
Books
 D - a book of Frost

   Spells                             Type                      Level
   a - Freeze                         Ice                          1
   b - Throw Frost                    Conjuration/Ice              2
   c - Ozocubu's Armour               Charms/Ice                   3
   d - Throw Icicle                   Conjuration/Ice              4
   e - Summon Ice Beast               Ice/Summoning                4
 Q - a book of Battle

   Spells                             Type                      Level
   a - Infusion                       Charms                       1
   b - Shroud of Golubria             Charms/Translocation         2
   c - Song of Slaying                Charms                       2
   d - Spectral Weapon                Hexes/Charms                 3
   e - Regeneration                   Charms/Necromancy            3
 S - a book of Alchemy

   Spells                             Type                      Level
   a - Sublimation of Blood           Necromancy                   2
   b - Ignite Poison                  Fire/Transmutation/Poison    3
   c - Petrify                        Transmutation/Earth          4
   d - Alistair's Intoxication        Transmutation/Poison         5
   e - Irradiate                      Conjuration/Transmutation    5
 Z - a Necronomicon

   Spells                             Type                      Level
   a - Haunt                          Necromancy/Summoning         7
   b - Borgnjor's Revivification      Necromancy                   8
   c - Death's Door                   Charms/Necromancy            8
   d - Infestation                    Necromancy                   8
   e - Necromutation                  Transmutation/Necromancy     8
Comestibles
 f - 10 bread rations
 h - 12 royal jellies
 l - 15 meat rations
 L - 5 fruits
 R - 8 chunks of flesh
 W - 9 mutagenic chunks of flesh


   Skills:
 + Level 10.3 Fighting
 - Level 14.0 Long Blades
 + Level 8.3 Armour
 - Level 8.0 Stealth
 - Level 15.0 Shields
 - Level 6.0 Invocations
 * Level 5.4 Evocations


You had 15 spell levels left.
You didn't know any spells.

Dungeon Overview and Level Annotations

Branches:
Dungeon (15/15)            Temple (1/1) D:7            Lair (6/6) D:9
  Swamp (0/4) Lair:4       Spider (0/4) Lair:4        Slime (0/5) Lair:6
    Orc (0/2) D:11         Vaults (0/5) D:14
 Depths: D:15

Altars:
Ashenzari
Cheibriados
Dithmenos
Elyvilon
Fedhas
Gozag
Hepliaklqana
Kikubaaqudgha
Makhleb
Nemelex Xobeh
Okawaru
Qazlal
Ru
Sif Muna
Trog
Uskayaw
Vehumet
Xom
Yredelemnul
Zin
The Shining One

Shops:
D:8 =

Annotations:
D:13 Sonja


Innate Abilities, Weirdness & Mutations

You have razor-sharp teeth.
You heal very quickly.
When hurt, damage is shared between your health and your magic reserves.
Your bite disrupts and absorbs the magic of your enemies.
Potions cannot restore your health.
You are immune to rotting.
You tend to lose your temper in combat.
Scrolls take you a little longer to read.
You are dopey. (Int -2)
You passively map a small area around you.
Your spells are a little easier to cast, but a little less powerful.


Message History

You kill the death knight!
The acid dragon spits acid at you. The splash of acid hits you!
You are splashed with acid!
The acid burns!
* * * LOW HITPOINT WARNING * * *
You are no longer berserk.
You are exhausted.
You feel yourself slow down.
You feel sick.
Things that are here:
a hand axe; a leather armour; a shapeshifter corpse You feel sick.
You feel agile all of a sudden.
You feel sick. You block the ice dragon's attack.
The ice dragon claws you but does no damage.
You block the ice dragon's attack.
You feel very mighty all of a sudden. You block the ice dragon's attack. x2
The ice dragon tramples you but does no damage.
The ice dragon breathes frost at you. The blast of cold hits you!
You die...

#..# ....
#..####.####..#*
*#...y........#
#........##..#
##............
#Dy....!...#...
* #c##########
#. #D# * #@# #.#
..# * #.## #., ,
##, ** * , * , ,
* *


You could see an ice dragon, a yaktaur captain, an acid dragon and a vampire
mosquito.

Vanquished Creatures
  Kirke (D:12)
  An ettin (D:14)
  A minotaur (Lab)
  Josephine (D:13)
  An ogre mage (Volcano)
  2 fire dragons
  8 hydras
  Erica (D:8)
  A death knight (D:15)
  10 two-headed ogres
  2 centaur warriors (D:14)
  An alligator (Lair:6)
  20 death yaks
  The ghost of galech the Cleaver, a novice DDFi of Makhleb (D:8)
  A hell knight (Volcano)
  A skeletal warrior (D:15)
  An unseen horror (shapeshifter) (D:15)
  2 unseen horrors
  A swamp dragon (Lair:6)
  2 wolf spiders
  9 ugly things
  A cyclops (D:15)
  2 deep elf magi
  3 manticores
  5 elephants (Lair:5)
  2 black mambas
  Psyche (D:9)
  2 molten gargoyles (Volcano)
  10 spiny frogs
  3 gargoyles
  A yaktaur (shapeshifter) (D:14)
  A torpor snail (Lair:6)
  A redback zombie (D:15)
  2 rime drakes
  A freezing wraith (D:14)
  9 komodo dragons
  A meliai (D:15)
  2 trolls (D:14)
  2 tengu conjurers (D:15)
  11 polar bears
  A queen bee (D:12)
  3 hornets
  Prince Ribbit (D:6)
  11 hippogriffs
  A harpy skeleton (D:14)
  A raiju (Lair:6)
  4 slime creatures
  4 dream sheep (Lair:6)
  17 blink frogs
  A shadow (D:12)
  3 wyverns
  6 wraiths
  A water elemental (D:15)
  43 yaks
  Sigmund (D:3)
  7 fire bats (Volcano)
  3 vampires
  A steam dragon (Lair:6)
  5 basilisks
  3 hogs (D:12)
  2 hungry ghosts
  4 wargs (Lair:6)
  Menkaure (D:6)
  5 vampire mosquitoes
  A soldier ant (D:12)
  Edmund (D:4)
  3 acid dragons
  16 hell hounds (Lair:6)
  Duvessa (D:4)
  14 water moccasins
  12 porcupines
  2 swamp drakes (Lair:6)
  3 ice beasts (D:14)
  2 sky beasts (D:7)
  A necrophage (D:6)
  7 orc warriors
  2 phantoms
  27 wolves
  9 ogres
  12 black bears
  9 centaurs
  15 crocodiles
  Blork the orc (D:6)
  3 big kobolds
  17 bullfrogs
  Dowan (D:4)
  A wyvern zombie (D:14)
  2 scorpions
  14 killer bees (D:12)
  3 wights (D:14)
  6 lava snakes (Volcano)
  2 bullfrog zombies
  5 crimson imps
  A centaur zombie (D:10)
  7 hounds
  2 bullfrog skeletons
  5 centaur skeletons
  13 orc priests
  Crazy Yiuf (D:6)
  4 jellies
  Ijyb (D:3)
  10 iguanas
  18 orc wizards
  10 worker ants
  A hell rat (D:8)
  A howler monkey skeleton (D:8)
  17 adders
  2 river rats (D:9)
  3 shadow imps
  An adder skeleton (D:6)
  3 adder zombies
  5 worms
  2 dart slugs
  5 leopard geckos
  64 orcs
  6 bats
  4 giant cockroaches
  8 hobgoblins
  20 jackals
  8 quokkas
  3 ball pythons
  A frilled lizard (D:1)
  9 goblins
  A jackal skeleton (D:5)
  12 kobolds
  9 rats
  A plant (Lair:6)
707 creatures vanquished.

Vanquished Creatures (others)
  A centaur warrior (D:14)
  6 centaurs
  6 fungi
  23 plants
36 creatures vanquished.

Grand Total: 743 creatures vanquished

Notes
Turn   | Place    | Note
-------+----------+-------------------------------------------
     0 | D:1      | polve the Vine Stalker Fighter began the quest for the Orb.
     0 | D:1      | Reached XP level 1. HP: 11/11 MP: 2/2
   290 | D:1      | Reached XP level 2. HP: 12/16 MP: 3/3
   658 | D:1      | Reached XP level 3. HP: 20/20 MP: 4/4
   816 | D:1      | You fall through a shaft!
  1459 | D:2      | Reached skill level 3 in Shields
  1466 | D:2      | Gained mutation: Your natural rate of healing is unusually fast. [Vine Stalker growth]
  1466 | D:2      | Reached XP level 4. HP: 17/25 MP: 5/5
  2214 | D:3      | Noticed Ijyb
  2222 | D:3      | Killed Ijyb
  2222 | D:3      | Reached XP level 5. HP: 25/29 MP: 4/6
  2237 | D:3      | Noticed Sigmund
  2247 | D:3      | Killed Sigmund
  2247 | D:3      | Reached skill level 5 in Fighting
  2247 | D:3      | Reached skill level 4 in Shields
  2247 | D:3      | Reached XP level 6. HP: 15/35 MP: 5/7
  2788 | D:4      | Noticed Duvessa
  2788 | D:4      | Noticed Dowan
  2801 | D:4      | Killed Duvessa
  2817 | D:4      | Killed Dowan
  2817 | D:4      | Reached XP level 7. HP: 37/39 MP: 8/8
  2891 | D:4      | Noticed Edmund
  2909 | D:4      | Killed Edmund
  2909 | D:4      | Reached skill level 5 in Shields
  3618 | D:5      | Entered Level 5 of the Dungeon
  3628 | D:4      | Gained mutation: You have razor-sharp teeth. [Vine Stalker growth]
  3628 | D:4      | Reached XP level 8. HP: 31/45 MP: 9/9
  3668 | D:4      | Reached skill level 6 in Shields
  4510 | D:5      | Reached skill level 7 in Shields
  4747 | D:6      | Found a glowing golden altar of the Shining One.
  4801 | D:6      | Reached XP level 9. HP: 50/51 MP: 8/10
  4894 | D:6      | Noticed Menkaure
  4901 | D:6      | Killed Menkaure
  4982 | D:6      | Noticed Prince Ribbit
  4990 | D:6      | Killed Prince Ribbit
  4990 | D:6      | Reached skill level 8 in Shields
  5086 | D:6      | Noticed Blork the orc
  5098 | D:6      | Killed Blork the orc
  5163 | D:6      | Got a scorched bone ring
  5165 | D:6      | Identified the ring "Hecuag" {rCorr rN+} (You found it on level 6 of the Dungeon)
  5395 | D:6      | Found a runed door.
  5399 | D:6      | Noticed Crazy Yiuf
  5403 | D:6      | Killed Crazy Yiuf
  5725 | D:7      | Gained mutation: You passively map a small area around you. [mutagenic meat]
  5726 | D:7      | Gained mutation: You tend to lose your temper in combat. [mutagenic meat]
  5727 | D:7      | Gained mutation: You heal very quickly. [mutagenic meat]
  5728 | D:7      | Gained mutation: Scrolls take you a little longer to read. [mutagenic meat]
  5729 | D:7      | Gained mutation: You are dopey. (Int -2) [mutagenic meat]
  5956 | D:7      | Found a staircase to the Ecumenical Temple.
  6521 | D:8      | Found Koemiaq's Jewellery Shop.
  6601 | D:8      | Noticed Erica
  6605 | D:8      | Noticed galech's ghost (novice DDFi)
  6623 | D:8      | Killed Erica
  6623 | D:8      | Reached skill level 9 in Shields
  6623 | D:8      | Reached XP level 10. HP: 49/59 MP: 11/11
  6656 | D:8      | Killed galech's ghost
  6656 | D:8      | Reached skill level 10 in Fighting
  7247 | D:9      | Noticed a death yak
  7250 | D:9      | Noticed a death yak
  7350 | Temple   | Entered the Ecumenical Temple
  7374 | Temple   | Became a worshipper of Uskayaw the Reveler
  7663 | D:9      | Found a staircase to the Lair.
  7681 | D:9      | Reached * piety under Uskayaw
  7686 | D:9      | Reached ** piety under Uskayaw
  7708 | Lair:1   | Entered Level 1 of the Lair of Beasts
  7735 | Lair:1   | Reached *** piety under Uskayaw
  7738 | Lair:1   | Reached **** piety under Uskayaw
  7744 | Lair:1   | Reached ***** piety under Uskayaw
  7750 | Lair:1   | Noticed a spiny frog
  7801 | Lair:1   | Reached skill level 5 in Long Blades
  7870 | Lair:1   | Found a dark tunnel.
  7878 | Volcano  | Entered a volcano
  8000 | Volcano  | Reached XP level 11. HP: 63/63 MP: 12/12
  8072 | Volcano  | Noticed a two-headed ogre
  8078 | Volcano  | Killed a two-headed ogre
  8087 | Volcano  | Found a burning altar of Makhleb.
  8087 | Volcano  | Noticed a two-headed ogre
  8087 | Volcano  | Noticed a two-headed ogre
  8087 | Volcano  | Noticed an ogre mage
  8102 | Volcano  | Killed a two-headed ogre
  8105 | Volcano  | Killed an ogre mage
  8129 | Volcano  | Killed a two-headed ogre
  8218 | Volcano  | Noticed a two-headed ogre
  8232 | Volcano  | Killed a two-headed ogre
  8232 | Volcano  | Reached skill level 10 in Long Blades
  8290 | Volcano  | Noticed a hell knight
  8298 | Volcano  | Killed a hell knight
  8652 | Lair:1   | Mutation became permanent: Your natural rate of healing is unusually fast. [Vine Stalker growth]
  8652 | Lair:1   | Gained mutation: You heal very quickly. [Vine Stalker growth]
  8652 | Lair:1   | Reached XP level 12. HP: 64/67 MP: 13/13
  8778 | Lair:1   | Reached skill level 1 in Stealth
  9354 | Lair:2   | Reached skill level 1 in Invocations
 10689 | Lair:3   | Noticed a death yak
 10689 | Lair:3   | Noticed a death yak
 10689 | Lair:3   | Noticed a death yak
 10690 | Lair:3   | Noticed a death yak
 10690 | Lair:3   | Noticed a death yak
 10690 | Lair:3   | Noticed a death yak
 10706 | Lair:3   | Killed a death yak
 10706 | Lair:3   | Reached skill level 5 in Stealth
 10712 | Lair:3   | Killed a death yak
 10712 | Lair:3   | Killed a death yak
 10712 | Lair:3   | Killed a death yak
 10713 | Lair:3   | Killed a death yak
 10713 | Lair:3   | Killed a death yak
 10713 | Lair:3   | Reached skill level 5 in Invocations
 10715 | Lair:3   | Reached ****** piety under Uskayaw
 10733 | Lair:3   | Reached XP level 13. HP: 71/72 MP: 16/18
 11237 | Lair:4   | Found a staircase to the Swamp.
 11391 | Lair:4   | Found a hole to the Spider Nest.
 12822 | Lair:5   | Got an ichor-stained scale mail
 12833 | Lair:5   | Identified the +4 scale mail of Dawn {rPois} (You found it on level 5 of the Lair of Beasts)
 13392 | Lair:6   | Entered Level 6 of the Lair of Beasts
 13470 | Lair:6   | Reached skill level 10 in Shields
 13520 | Lair:6   | Reached XP level 14. HP: 10/77 MP: 12/19
 13614 | Lair:6   | Reached skill level 11 in Shields
 13712 | Lair:6   | Found a staircase to the Slime Pits.
 13793 | Lair:6   | Reached skill level 5 in Armour
 14299 | Lair:6   | Reached skill level 12 in Shields
 14371 | Lair:6   | Got a glittering gossamer ring
 15311 | Lair:2   | Identified the ring "Dozycy" {rC+ rN++ MR- Int+4} (You found it on level 6 of the Lair of Beasts)
 15967 | D:9      | Noticed Psyche
 15974 | D:9      | Killed Psyche
 15974 | D:9      | Reached skill level 13 in Shields
 16449 | D:10     | Entered Level 10 of the Dungeon
 17125 | D:10     | Reached XP level 15. HP: 80/80 MP: 20/20
 17713 | D:11     | Found a staircase to the Orcish Mines.
 17780 | D:11     | Got a dazzling scale mail
 17909 | D:11     | Found a labyrinth entrance.
 17967 | Lab      | Entered a labyrinth
 18674 | D:12     | Noticed Kirke
 18688 | D:12     | Killed Kirke
 18815 | D:12     | Paralysed by a hornet for 1 turns
 19344 | D:12     | Identified the cursed +0 scale mail of the Heavens {rF+ Regen+} (You found it on level 11 of the Dungeon)
 19371 | D:12     | Reached skill level 14 in Shields
 19686 | D:13     | Noticed Sonja
 19964 | D:13     | Noticed Josephine
 19978 | D:13     | Killed Josephine
 20622 | D:14     | Gained mutation: Your spells are a little easier to cast, but a little less powerful. [mutagenic meat]
 21154 | D:14     | Reached skill level 1 in Evocations
 21764 | D:14     | Found a gate to the Vaults.
 21863 | D:15     | Entered Level 15 of the Dungeon
 21987 | D:15     | Reached skill level 15 in Shields
 21988 | D:15     | Reached XP level 16. HP: 76/85 MP: 21/21
 22049 | D:15     | Reached skill level 5 in Evocations
 22062 | D:15     | Killed from afar by an ice dragon

Skill      XL: |  1  2  3  4  5  6  7  8  9 10 11 12 13 14 15 16 |
---------------+-------------------------------------------------+-----
Long Blades    | 2 7 11 12 14 | 14.0
Fighting       | 3 4 5 6 7 9 10 | 10.3
Shields        | 3 4 5 7 9 10 13 15 | 15.0
Stealth        | 7 8 |  8.0
Invocations    | 5 6 |  6.0
Armour         | 4 6 8 |  8.3
Evocations     | 4 5 |  5.4

Action                   |  1- 3 |  4- 6 |  7- 9 | 10-12 | 13-15 | 16-18 || total
-------------------------+-------+-------+-------+-------+-------+-------++-------
Melee: Long sword        |     7 |       |       |       |       |       ||     7
       Dagger            |    65 |   105 |   353 |    35 |     3 |       ||   561
       Bite              |    21 |    32 |   151 |   183 |   582 |    19 ||   988
       Scimitar          |       |       |       |   382 |  1319 |    36 ||  1737
Invok: Grand Finale      |       |       |       |       |     1 |       ||     1
  Use: Scroll            |       |     8 |     2 |     8 |     9 |       ||    27
       Potion            |       |       |     5 |     3 |     3 |     2 ||    13
 Stab: Paralysed         |       |       |       |    21 |    95 |       ||   116
       Distracted        |       |       |       |       |     1 |       ||     1
       Sleeping          |       |       |       |       |     1 |       ||     1
  Eat: Chunk             |     1 |     4 |    18 |    11 |    37 |       ||    71
       Royal jelly       |       |       |       |     1 |     1 |       ||     2
       Fruit             |       |       |       |       |     3 |       ||     3
Armor: Scale mail        |    33 |    41 |    40 |       |     2 |       ||   116
       Chain mail        |       |       |    65 |   160 |   453 |    14 ||   692
Dodge: Dodged            |    14 |    18 |    70 |    85 |   204 |     4 ||   395
Block: Shield            |    30 |    49 |   164 |   270 |   884 |    37 ||  1434
       Reflection        |       |       |       |       |    49 |     2 ||    51
       Rpst.: Long sword |     1 |       |       |       |       |       ||     1
       Scimitar          |       |       |       |    21 |    55 |       ||    76
